MapleLeafs vs Senators

Created - October 25, 2023 at 09:25

Goals
1 2 3 OT1 T
MapleLeafs 1 0 1 0 2
Senators 1 0 1 1 3
Shots
1 2 3 OT1 T
MapleLeafs 12 12 13 0 37
Senators 4 14 13 1 32

GoalsPenalties
1st period
1. MapleLeafs , Alexander Wennberg 1 (Kasperi Kapanen 2, Evgeny Kuznetsov 4) at 9:58
2. Senators , Christian Dvorak 3 (Eric Staal 3, Noah Hanifin 3) at 14:44
Scott Laughton (OTT) for Hooking (Minor) at 7:15
Nikita Kucherov (OTT) for Cross-checking (Minor) at 17:46
2nd period
No Goal
Jonathan Huberdeau (TOR) for Holding (Minor) at 1:23
Matty Beniers (OTT) for Boarding (Minor) at 2:01
K'Andre Miller (OTT) for Hooking (Minor) at 11:57
3rd period
3. Senators , Anthony Cirelli 3 (Joel Eriksson Ek 4, Connor Clifton 1) at 9:58
4. MapleLeafs , Sean Monahan 1 (Jonathan Huberdeau 3, Nicolas Hague 3) at 11:32
Connor Clifton (OTT) for Holding (Minor) at 14:19
Alexander Wennberg (TOR) for Cross-checking (Minor) at 14:19
Overtime #1
5. Senators , Nikita Kucherov 3 (Scott Laughton 4, Noah Hanifin 4) at 1:43
No Penalty
Goalie Stats
Jordan Binnington (TOR), 29 saves from 32 shots - (0.906), OTL, 2-3-1, 61:44 minutes
Semyon Varlamov (OTT), 35 saves from 37 shots - (0.946), W, 3-0-0, 61:44 minutes
3 StarsOfficial
1 - Noah Hanifin (OTT)
2 - Semyon Varlamov (OTT)
3 - Anthony Cirelli (OTT)
Referees : Michael Markovic and Sean MacFarlane
Linesman : Justin Cornell and Brent Hooks
Game Note
Anthony Duclair is injured at 1:21 of 1st overtime period (Left Foot)
Finance
Level 1 -- Attendance: 6123 (94.20%) -- Ticket Income $734,760
Level 2 -- Attendance: 4709 (94.18%) -- Ticket Income $423,810
Level 3 -- Attendance: 2829 (80.83%) -- Ticket Income $212,175
Level 4 -- Attendance: 2712 (86.01%) -- Ticket Income $122,040
Luxury Box -- Attendance: 748 (74.80%) -- Ticket Income $179,520
Game was played at the Canadian Tire Centre.
Total Attendance: 17121 (89.39%)
Total Ticket Income: $1,672,305
Other Income: $418,076
Total Income: $2,090,381



Team Name Goals Shots Shots Attemp Shots Blocked PIM HIT PP PK FO%
MapleLeafs 23771114260 / 4 (0%)042%
Senators 33269910180 / 1 (0%)058%

MapleLeafs
Player Name POS G A P +/- PIM HIT SHT SB MP PP MP PP SHT PK MP PK SHT FO% FOT
Alexander RomanovD000-1014221:214:2420:1900% 0
Alexander WennbergC101-1204114:200:5400:38042% 24
Anthony DuclairLW0000013117:582:3600:0000% 1
Drake BathersonRW0000031121:072:3600:0000% 1
Dylan DeMeloD000000000:000:0000:0000% 0
Erik CernakD0000011118:450:0000:1900% 0
Evgeny KuznetsovC011-2020115:432:5400:00033% 3
Filip ChytilC000000209:270:4800:000100% 1
John MarinoD000-1001217:440:1810:1900% 0
Jon MarchessaultLW/RW0001024018:133:4100:000100% 1
Jonathan HuberdeauC0111254017:393:4100:0000% 0
Kasperi KapanenRW011-1028021:240:1810:0000% 1
Mikael GranlundC000-1002017:282:1700:00033% 21
Nicolas HagueD0111030020:131:5300:1900% 0
Noel AcciariC000002009:170:0000:38055% 11
Rasmus SandinD000-1041124:024:2400:0000% 0
Sean MonahanC1011002019:032:1110:00045% 31
Zach WhitecloudD0001000117:280:0000:0000% 0
Senators
Player Name POS G A P +/- PIM HIT SHT SB MP PP MP PP SHT PK MP PK SHT FO% FOT
Andrew CoppC000-2003018:430:2200:00054% 28
Anthony CirelliC1011002120:460:2204:08050% 2
Brock McGinnLW000000107:050:0002:2700% 0
Chris TanevD000-1001121:400:0003:1800% 0
Christian DvorakC1011001014:230:0000:00054% 13
Connor CliftonD0110250114:010:0000:0000% 0
Danton HeinenLW0001021013:330:0000:0000% 1
Eric StaalC0111021116:000:0002:27033% 3
Jake WalmanD0000000115:080:0001:0600% 0
Joel Eriksson EkC0111007018:250:1600:00055% 22
K'Andre MillerD000-1230120:490:2202:0600% 0
Luke GlendeningC000000007:560:0004:08083% 12
Matty BeniersC000-2211016:260:1500:000100% 2
Nikita KucherovRW101-1206019:220:1610:00050% 4
Noah HanifinD0222021224:490:1603:2300% 0
Pius SuterC000000004:040:1600:0000% 1
Rasmus AnderssonD0001034124:590:2213:1700% 0
Scott LaughtonC0112203017:030:2200:00071% 7



Play-by-Play

1st period


0:01 of 1st period - Sean Monahan wins face-off versus Joel Eriksson Ek in neutral zone.
0:12 of 1st period - Icing by Rasmus Andersson.
0:13 of 1st period - Scott Laughton wins face-off versus Mikael Granlund in Senators zone.
0:50 of 1st period - Shot by Anthony Duclair.
0:50 of 1st period - Shot Misses the Net.
0:52 of 1st period - Shot by Mikael Granlund.
0:52 of 1st period - Stopped by Semyon Varlamov with a rebound.
0:54 of 1st period - Shot by Alexander Romanov.
0:54 of 1st period - Stopped by Semyon Varlamov without a rebound.
0:55 of 1st period - Andrew Copp wins face-off versus Alexander Wennberg in Senators zone.
0:55 of 1st period - Andrew Copp is hit by Kasperi Kapanen.
1:12 of 1st period - Icing by Nicolas Hague.
1:13 of 1st period - Eric Staal wins face-off versus Alexander Wennberg in MapleLeafs zone.
2:09 of 1st period - Icing by Andrew Copp.
2:10 of 1st period - Mikael Granlund wins face-off versus Andrew Copp in Senators zone.
2:49 of 1st period - Shot by Anthony Duclair.
2:49 of 1st period - Stopped by Semyon Varlamov with a rebound.
3:05 of 1st period - Noah Hanifin is hit by Anthony Duclair.
3:37 of 1st period - Shot by Kasperi Kapanen.
3:37 of 1st period - Shot Misses the Net.
4:14 of 1st period - Icing by John Marino.
4:15 of 1st period - Noel Acciari wins face-off versus Joel Eriksson Ek in MapleLeafs zone.
5:27 of 1st period - Shot by Eric Staal.
5:27 of 1st period - Stopped by Jordan Binnington without a rebound.
5:28 of 1st period - Matty Beniers wins face-off versus Mikael Granlund in MapleLeafs zone.
5:29 of 1st period - Shot by Rasmus Andersson.
5:29 of 1st period - Shot Blocked by Drake Batherson.
5:39 of 1st period - Shot by Mikael Granlund.
5:39 of 1st period - Stopped by Semyon Varlamov without a rebound.
5:40 of 1st period - Sean Monahan wins face-off versus Christian Dvorak in Senators zone.
6:09 of 1st period - Shot by Jonathan Huberdeau.
6:09 of 1st period - Stopped by Semyon Varlamov without a rebound.
6:10 of 1st period - Andrew Copp wins face-off versus Mikael Granlund in Senators zone.
6:23 of 1st period - Shot by Nikita Kucherov.
6:23 of 1st period - Shot Misses the Net.
6:25 of 1st period - Shot by Jake Walman.
6:25 of 1st period - Shot Blocked by Alexander Romanov.
6:27 of 1st period - Shot by Nikita Kucherov.
6:27 of 1st period - Deflect By Matty Beniers.
6:27 of 1st period - Shot Blocked by Alexander Romanov.
6:29 of 1st period - Shot by Jake Walman.
6:29 of 1st period - Shot Misses the Net.
6:58 of 1st period - Icing by Connor Clifton.
6:59 of 1st period - Andrew Copp wins face-off versus Sean Monahan in Senators zone.
7:15 of 1st period - Minor Penalty to Scott Laughton for Hooking.
7:16 of 1st period - Luke Glendening wins face-off versus Mikael Granlund in Senators zone.
7:45 of 1st period - Shot by Jon Marchessault.
7:45 of 1st period - Shot Misses the Net.
7:47 of 1st period - Shot by Alexander Romanov.
7:47 of 1st period - Stopped by Semyon Varlamov without a rebound.
7:48 of 1st period - Evgeny Kuznetsov wins face-off versus Eric Staal in Senators zone.
7:48 of 1st period - Evgeny Kuznetsov is hit by K'Andre Miller.
9:42 of 1st period - Icing by Jake Walman.
9:43 of 1st period - Alexander Wennberg wins face-off versus Andrew Copp in Senators zone.
9:46 of 1st period - Shot by Zach Whitecloud.
9:46 of 1st period - Shot Misses the Net.
9:54 of 1st period - Shot by Evgeny Kuznetsov.
9:54 of 1st period - Shot Misses the Net.
9:56 of 1st period - Shot by Evgeny Kuznetsov.
9:56 of 1st period - Shot Misses the Net.
9:58 of 1st period - Shot by Kasperi Kapanen.
9:58 of 1st period - Deflect By Alexander Wennberg.
9:58 of 1st period - Goal by Alexander Wennberg - MapleLeafs : 1 - Senators : 0.
9:59 of 1st period - Jon Marchessault wins face-off versus Christian Dvorak in neutral zone.
10:12 of 1st period - Shot by Jonathan Huberdeau.
10:12 of 1st period - Stopped by Semyon Varlamov without a rebound.
10:13 of 1st period - Mikael Granlund wins face-off versus Joel Eriksson Ek in Senators zone.
10:55 of 1st period - Scott Laughton is hit by Nicolas Hague and loses puck.
11:27 of 1st period - Icing by Rasmus Andersson.
11:28 of 1st period - Christian Dvorak wins face-off versus Sean Monahan in Senators zone.
11:33 of 1st period - Eric Staal is hit by Jonathan Huberdeau and loses puck.
11:39 of 1st period - Danton Heinen is hit by Alexander Romanov and loses puck.
12:16 of 1st period - Nikita Kucherov is hit by Jon Marchessault and loses puck.
12:33 of 1st period - Matty Beniers is hit by Erik Cernak and loses puck.
13:21 of 1st period - Icing by K'Andre Miller.
13:22 of 1st period - Mikael Granlund wins face-off versus Joel Eriksson Ek in Senators zone.
13:28 of 1st period - Icing by K'Andre Miller.
13:29 of 1st period - Joel Eriksson Ek wins face-off versus Alexander Wennberg in Senators zone.
13:36 of 1st period - Shot by Evgeny Kuznetsov.
13:36 of 1st period - Shot Blocked by K'Andre Miller.
14:05 of 1st period - Shot by Kasperi Kapanen.
14:05 of 1st period - Deflect By Evgeny Kuznetsov.
14:05 of 1st period - Shot Blocked by Chris Tanev.
14:42 of 1st period - Shot by Christian Dvorak.
14:42 of 1st period - Deflect By Eric Staal.
14:42 of 1st period - Shot Blocked by John Marino.
14:44 of 1st period - Shot by Christian Dvorak.
14:44 of 1st period - Goal by Christian Dvorak - MapleLeafs : 1 - Senators : 1.
14:45 of 1st period - Andrew Copp wins face-off versus Mikael Granlund in neutral zone.
15:01 of 1st period - Icing by Nicolas Hague.
15:02 of 1st period - Christian Dvorak wins face-off versus Mikael Granlund in MapleLeafs zone.
15:02 of 1st period - Rasmus Andersson is hit by Nicolas Hague and loses puck.
15:09 of 1st period - Eric Staal is hit by Drake Batherson and loses puck.
15:14 of 1st period - Shot by Anthony Duclair.
15:14 of 1st period - Shot Blocked by Eric Staal.
15:16 of 1st period - Shot by Anthony Duclair.
15:16 of 1st period - Stopped by Semyon Varlamov without a rebound.
15:17 of 1st period - Andrew Copp wins face-off versus Sean Monahan in Senators zone.
15:17 of 1st period - Andrew Copp is hit by Jonathan Huberdeau.
15:24 of 1st period - Sean Monahan is hit by Connor Clifton and loses puck.
15:29 of 1st period - Shot by Erik Cernak.
15:29 of 1st period - Stopped by Semyon Varlamov with a rebound.
15:31 of 1st period - Shot by Alexander Romanov.
15:31 of 1st period - Shot Blocked by Jake Walman.
15:33 of 1st period - Shot by Sean Monahan.
15:33 of 1st period - Shot Misses the Net.
15:39 of 1st period - Shot by Jonathan Huberdeau.
15:39 of 1st period - Shot Misses the Net.
15:41 of 1st period - Shot by Alexander Romanov.
15:41 of 1st period - Deflect By Jon Marchessault.
15:41 of 1st period - Stopped by Semyon Varlamov with a rebound.
15:58 of 1st period - Off-side.
15:59 of 1st period - Joel Eriksson Ek wins face-off versus Mikael Granlund in neutral zone.
16:34 of 1st period - Shot by Scott Laughton.
16:34 of 1st period - Stopped by Jordan Binnington with a rebound.
17:08 of 1st period - Shot by Danton Heinen.
17:08 of 1st period - Stopped by Jordan Binnington with a rebound.
17:46 of 1st period - Minor Penalty to Nikita Kucherov for Cross-checking.
17:47 of 1st period - Filip Chytil wins face-off versus Luke Glendening in Senators zone.
17:50 of 1st period - Shot by Rasmus Sandin.
17:50 of 1st period - Shot Blocked by Noah Hanifin.
18:52 of 1st period - Shot by Kasperi Kapanen.
18:52 of 1st period - Stopped by Semyon Varlamov without a rebound.
18:53 of 1st period - Alexander Wennberg wins face-off versus Eric Staal in Senators zone.
19:45 of 1st period - Off-side.
19:46 of 1st period - Noel Acciari wins face-off versus Andrew Copp in neutral zone.
Goals for this period are 1 for MapleLeafs vs 1 for Senators.
Shots for this period are 12 for MapleLeafs vs 4 for Senators.

2nd period


0:01 of 2nd period - Joel Eriksson Ek wins face-off versus Alexander Wennberg in neutral zone.
0:01 of 2nd period - Rasmus Andersson is hit by Kasperi Kapanen and loses puck.
0:08 of 2nd period - Shot by Rasmus Andersson.
0:08 of 2nd period - Stopped by Jordan Binnington without a rebound.
0:09 of 2nd period - Joel Eriksson Ek wins face-off versus Alexander Wennberg in MapleLeafs zone.
0:09 of 2nd period - Joel Eriksson Ek is hit by Rasmus Sandin.
0:49 of 2nd period - Shot by Kasperi Kapanen.
0:49 of 2nd period - Shot Misses the Net.
0:54 of 2nd period - Icing by Joel Eriksson Ek.
0:55 of 2nd period - Joel Eriksson Ek wins face-off versus Sean Monahan in Senators zone.
1:01 of 2nd period - Off-side.
1:02 of 2nd period - Sean Monahan wins face-off versus Andrew Copp in neutral zone.
1:02 of 2nd period - Sean Monahan is hit by Matty Beniers.
1:23 of 2nd period - Minor Penalty to Jonathan Huberdeau for Holding.
1:24 of 2nd period - Alexander Wennberg wins face-off versus Nikita Kucherov in MapleLeafs zone.
1:36 of 2nd period - Shot by Nikita Kucherov.
1:36 of 2nd period - Stopped by Jordan Binnington without a rebound.
1:37 of 2nd period - Andrew Copp wins face-off versus Alexander Wennberg in MapleLeafs zone.
1:58 of 2nd period - Shot by Rasmus Andersson.
1:58 of 2nd period - Stopped by Jordan Binnington without a rebound.
1:59 of 2nd period - Alexander Wennberg wins face-off versus Joel Eriksson Ek in MapleLeafs zone.
2:01 of 2nd period - Minor Penalty to Matty Beniers for Boarding.
2:02 of 2nd period - Joel Eriksson Ek wins face-off versus Sean Monahan in Senators zone.
2:45 of 2nd period - Shot by Drake Batherson.
2:45 of 2nd period - Shot Blocked by Noah Hanifin.
3:07 of 2nd period - Shot by Kasperi Kapanen.
3:07 of 2nd period - Stopped by Semyon Varlamov without a rebound.
3:08 of 2nd period - Sean Monahan wins face-off versus Andrew Copp in Senators zone.
3:23 of 2nd period - Shot by John Marino.
3:23 of 2nd period - Stopped by Semyon Varlamov without a rebound.
3:24 of 2nd period - Luke Glendening wins face-off versus Mikael Granlund in Senators zone.
3:57 of 2nd period - Shot by Alexander Romanov.
3:57 of 2nd period - Stopped by Semyon Varlamov without a rebound.
3:58 of 2nd period - Luke Glendening wins face-off versus Evgeny Kuznetsov in Senators zone.
4:04 of 2nd period - Off-side.
4:05 of 2nd period - Noel Acciari wins face-off versus Andrew Copp in neutral zone.
4:16 of 2nd period - Shot by Kasperi Kapanen.
4:16 of 2nd period - Stopped by Semyon Varlamov with a rebound.
4:47 of 2nd period - Shot by Andrew Copp.
4:47 of 2nd period - Stopped by Jordan Binnington without a rebound.
4:48 of 2nd period - Christian Dvorak wins face-off versus Sean Monahan in MapleLeafs zone.
5:09 of 2nd period - Shot by Rasmus Sandin.
5:09 of 2nd period - Shot Misses the Net.
5:11 of 2nd period - Shot by Sean Monahan.
5:11 of 2nd period - Shot Misses the Net.
5:13 of 2nd period - Shot by John Marino.
5:13 of 2nd period - Shot Misses the Net.
5:25 of 2nd period - Shot by Christian Dvorak.
5:25 of 2nd period - Shot Blocked by Rasmus Sandin.
5:45 of 2nd period - Eric Staal is hit by Drake Batherson and loses puck.
6:23 of 2nd period - Drake Batherson is hit by Danton Heinen and loses puck.
6:32 of 2nd period - Christian Dvorak is hit by Drake Batherson and loses puck.
7:07 of 2nd period - Shot by Scott Laughton.
7:07 of 2nd period - Stopped by Jordan Binnington without a rebound.
7:08 of 2nd period - Andrew Copp wins face-off versus Sean Monahan in MapleLeafs zone.
7:22 of 2nd period - Shot by Andrew Copp.
7:22 of 2nd period - Stopped by Jordan Binnington with a rebound.
7:24 of 2nd period - Shot by Andrew Copp.
7:24 of 2nd period - Stopped by Jordan Binnington without a rebound.
7:25 of 2nd period - Noel Acciari wins face-off versus Anthony Cirelli in MapleLeafs zone.
7:41 of 2nd period - Icing by Chris Tanev.
7:42 of 2nd period - Scott Laughton wins face-off versus Sean Monahan in Senators zone.
8:01 of 2nd period - Shot by Anthony Cirelli.
8:01 of 2nd period - Stopped by Jordan Binnington without a rebound.
8:02 of 2nd period - Andrew Copp wins face-off versus Alexander Wennberg in MapleLeafs zone.
8:05 of 2nd period - Shot by Nikita Kucherov.
8:05 of 2nd period - Shot Misses the Net.
8:15 of 2nd period - Shot by Alexander Wennberg.
8:15 of 2nd period - Stopped by Semyon Varlamov without a rebound.
8:16 of 2nd period - Sean Monahan wins face-off versus Pius Suter in Senators zone.
8:20 of 2nd period - Icing by Chris Tanev.
8:21 of 2nd period - Luke Glendening wins face-off versus Alexander Wennberg in Senators zone.
8:52 of 2nd period - Shot by Evgeny Kuznetsov.
8:52 of 2nd period - Shot Misses the Net.
8:54 of 2nd period - Shot by Alexander Wennberg.
8:54 of 2nd period - Stopped by Semyon Varlamov without a rebound.
8:55 of 2nd period - Sean Monahan wins face-off versus Joel Eriksson Ek in Senators zone.
8:55 of 2nd period - Jon Marchessault is hit by Rasmus Andersson and loses puck.
8:58 of 2nd period - Shot by Jon Marchessault.
8:58 of 2nd period - Stopped by Semyon Varlamov without a rebound.
8:59 of 2nd period - Sean Monahan wins face-off versus Andrew Copp in Senators zone.
9:13 of 2nd period - Jon Marchessault is hit by Rasmus Andersson and loses puck.
10:14 of 2nd period - Shot by Filip Chytil.
10:14 of 2nd period - Stopped by Semyon Varlamov without a rebound.
10:15 of 2nd period - Mikael Granlund wins face-off versus Christian Dvorak in Senators zone.
10:15 of 2nd period - Anthony Duclair is hit by Connor Clifton and loses puck.
10:36 of 2nd period - Mikael Granlund is hit by Connor Clifton and loses puck.
10:53 of 2nd period - Shot by Drake Batherson.
10:53 of 2nd period - Shot Misses the Net.
11:01 of 2nd period - Rasmus Sandin is hit by Danton Heinen and loses puck.
11:40 of 2nd period - Shot by Anthony Cirelli.
11:40 of 2nd period - Deflect By Joel Eriksson Ek.
11:40 of 2nd period - Stopped by Jordan Binnington without a rebound.
11:41 of 2nd period - Sean Monahan wins face-off versus Andrew Copp in MapleLeafs zone.
11:47 of 2nd period - K'Andre Miller is hit by Jonathan Huberdeau and loses puck.
11:57 of 2nd period - Minor Penalty to K'Andre Miller for Hooking.
11:58 of 2nd period - Luke Glendening wins face-off versus Mikael Granlund in Senators zone.
11:58 of 2nd period - Luke Glendening is hit by Jonathan Huberdeau.
12:12 of 2nd period - Shot by Sean Monahan.
12:12 of 2nd period - Stopped by Semyon Varlamov without a rebound.
12:13 of 2nd period - Luke Glendening wins face-off versus Anthony Duclair in Senators zone.
12:26 of 2nd period - Shot by Alexander Romanov.
12:26 of 2nd period - Shot Blocked by Anthony Cirelli.
13:15 of 2nd period - Icing by Alexander Romanov.
13:16 of 2nd period - Luke Glendening wins face-off versus Evgeny Kuznetsov in MapleLeafs zone.
13:58 of 2nd period - Icing by Jon Marchessault.
13:59 of 2nd period - Andrew Copp wins face-off versus Noel Acciari in MapleLeafs zone.
14:12 of 2nd period - Shot by Nikita Kucherov.
14:12 of 2nd period - Shot Misses the Net.
14:14 of 2nd period - Shot by Andrew Copp.
14:14 of 2nd period - Shot Misses the Net.
14:56 of 2nd period - Off-side.
14:57 of 2nd period - Joel Eriksson Ek wins face-off versus Sean Monahan in neutral zone.
14:57 of 2nd period - Anthony Cirelli is hit by Jon Marchessault and loses puck.
15:17 of 2nd period - Icing by Chris Tanev.
15:18 of 2nd period - Mikael Granlund wins face-off versus Joel Eriksson Ek in Senators zone.
15:18 of 2nd period - Mikael Granlund is hit by K'Andre Miller.
15:28 of 2nd period - Shot by K'Andre Miller.
15:28 of 2nd period - Shot Misses the Net.
15:30 of 2nd period - Shot by Anthony Cirelli.
15:30 of 2nd period - Shot Misses the Net.
15:38 of 2nd period - Shot by Anthony Cirelli.
15:38 of 2nd period - Shot Misses the Net.
15:40 of 2nd period - Shot by Joel Eriksson Ek.
15:40 of 2nd period - Stopped by Jordan Binnington with a rebound.
15:46 of 2nd period - Shot by Joel Eriksson Ek.
15:46 of 2nd period - Shot Misses the Net.
15:48 of 2nd period - Shot by Joel Eriksson Ek.
15:48 of 2nd period - Shot Misses the Net.
16:16 of 2nd period - Shot by Jon Marchessault.
16:16 of 2nd period - Stopped by Semyon Varlamov without a rebound.
16:17 of 2nd period - Christian Dvorak wins face-off versus Alexander Wennberg in Senators zone.
16:34 of 2nd period - Shot by Eric Staal.
16:34 of 2nd period - Deflect By Danton Heinen.
16:34 of 2nd period - Shot Blocked by Erik Cernak.
16:36 of 2nd period - Shot by Rasmus Andersson.
16:36 of 2nd period - Shot Misses the Net.
16:38 of 2nd period - Shot by Rasmus Andersson.
16:38 of 2nd period - Stopped by Jordan Binnington without a rebound.
16:39 of 2nd period - Matty Beniers wins face-off versus Sean Monahan in MapleLeafs zone.
16:56 of 2nd period - Shot by Jonathan Huberdeau.
16:56 of 2nd period - Deflect By Jon Marchessault.
16:56 of 2nd period - Shot Misses the Net.
16:58 of 2nd period - Shot by Jon Marchessault.
16:58 of 2nd period - Shot Misses the Net.
17:00 of 2nd period - Shot by Jon Marchessault.
17:00 of 2nd period - Stopped by Semyon Varlamov without a rebound.
17:01 of 2nd period - Scott Laughton wins face-off versus Alexander Wennberg in Senators zone.
17:01 of 2nd period - Rasmus Andersson is hit by Evgeny Kuznetsov and loses puck.
17:09 of 2nd period - Off-side.
17:10 of 2nd period - Alexander Wennberg wins face-off versus Joel Eriksson Ek in neutral zone.
17:12 of 2nd period - Off-side.
17:13 of 2nd period - Alexander Wennberg wins face-off versus Joel Eriksson Ek in neutral zone.
17:16 of 2nd period - Shot by Evgeny Kuznetsov.
17:16 of 2nd period - Shot Misses the Net.
17:24 of 2nd period - Shot by Joel Eriksson Ek.
17:24 of 2nd period - Stopped by Jordan Binnington with a rebound.
17:28 of 2nd period - Shot by Noah Hanifin.
17:28 of 2nd period - Shot Misses the Net.
17:30 of 2nd period - Shot by Rasmus Andersson.
17:30 of 2nd period - Stopped by Jordan Binnington without a rebound.
17:31 of 2nd period - Sean Monahan wins face-off versus Andrew Copp in MapleLeafs zone.
17:38 of 2nd period - Chris Tanev is hit by Jonathan Huberdeau and loses puck.
18:00 of 2nd period - Icing by Jonathan Huberdeau.
18:01 of 2nd period - Joel Eriksson Ek wins face-off versus Sean Monahan in MapleLeafs zone.
18:38 of 2nd period - Shot by Joel Eriksson Ek.
18:38 of 2nd period - Shot Misses the Net.
18:40 of 2nd period - Shot by Joel Eriksson Ek.
18:40 of 2nd period - Stopped by Jordan Binnington with a rebound.
19:06 of 2nd period - Shot by Alexander Wennberg.
19:06 of 2nd period - Stopped by Semyon Varlamov without a rebound.
19:07 of 2nd period - Andrew Copp wins face-off versus Alexander Wennberg in Senators zone.
19:07 of 2nd period - Andrew Copp is hit by Evgeny Kuznetsov.
Goals for this period are 0 for MapleLeafs vs 0 for Senators.
Shots for this period are 12 for MapleLeafs vs 14 for Senators.

3rd period


0:01 of 3rd period - Noel Acciari wins face-off versus Scott Laughton in neutral zone.
0:04 of 3rd period - K'Andre Miller is hit by Noel Acciari and loses puck.
0:13 of 3rd period - Shot by Kasperi Kapanen.
0:13 of 3rd period - Shot Misses the Net.
0:15 of 3rd period - Shot by Kasperi Kapanen.
0:15 of 3rd period - Stopped by Semyon Varlamov without a rebound.
0:16 of 3rd period - Christian Dvorak wins face-off versus Mikael Granlund in Senators zone.
1:16 of 3rd period - Shot by Anthony Cirelli.
1:16 of 3rd period - Shot Misses the Net.
1:37 of 3rd period - Off-side.
1:38 of 3rd period - Alexander Wennberg wins face-off versus Luke Glendening in neutral zone.
1:45 of 3rd period - Shot by Kasperi Kapanen.
1:45 of 3rd period - Stopped by Semyon Varlamov without a rebound.
1:46 of 3rd period - Nikita Kucherov wins face-off versus Alexander Wennberg in Senators zone.
2:02 of 3rd period - Off-side.
2:03 of 3rd period - Joel Eriksson Ek wins face-off versus Sean Monahan in neutral zone.
2:05 of 3rd period - Off-side.
2:06 of 3rd period - Joel Eriksson Ek wins face-off versus Noel Acciari in neutral zone.
2:13 of 3rd period - Icing by Joel Eriksson Ek.
2:14 of 3rd period - Scott Laughton wins face-off versus Noel Acciari in Senators zone.
2:35 of 3rd period - Shot by Kasperi Kapanen.
2:35 of 3rd period - Stopped by Semyon Varlamov with a rebound.
2:39 of 3rd period - Shot by Noel Acciari.
2:39 of 3rd period - Deflect By Kasperi Kapanen.
2:39 of 3rd period - Shot Misses the Net.
2:41 of 3rd period - Shot by Noel Acciari.
2:41 of 3rd period - Deflect By Filip Chytil.
2:41 of 3rd period - Shot Misses the Net.
2:43 of 3rd period - Shot by Filip Chytil.
2:43 of 3rd period - Stopped by Semyon Varlamov without a rebound.
2:44 of 3rd period - Andrew Copp wins face-off versus Sean Monahan in Senators zone.
2:49 of 3rd period - Shot by Rasmus Andersson.
2:49 of 3rd period - Shot Misses the Net.
2:56 of 3rd period - Nikita Kucherov is hit by Rasmus Sandin.
3:04 of 3rd period - Shot by Matty Beniers.
3:04 of 3rd period - Stopped by Jordan Binnington with a rebound.
3:18 of 3rd period - Shot by Rasmus Sandin.
3:18 of 3rd period - Shot Blocked by Rasmus Andersson.
3:25 of 3rd period - Off-side.
3:26 of 3rd period - Luke Glendening wins face-off versus Alexander Wennberg in neutral zone.
4:03 of 3rd period - Shot by Kasperi Kapanen.
4:03 of 3rd period - Stopped by Semyon Varlamov with a rebound.
4:32 of 3rd period - Anthony Duclair is hit by K'Andre Miller and loses puck.
4:52 of 3rd period - Nicolas Hague is hit by Eric Staal and loses puck.
4:58 of 3rd period - Zach Whitecloud is hit by Noah Hanifin and loses puck.
5:06 of 3rd period - Icing by Noah Hanifin.
5:07 of 3rd period - Sean Monahan wins face-off versus Christian Dvorak in Senators zone.
5:13 of 3rd period - Icing by Rasmus Andersson.
5:14 of 3rd period - Christian Dvorak wins face-off versus Sean Monahan in Senators zone.
5:18 of 3rd period - Rasmus Andersson is hit by Rasmus Sandin and loses puck.
5:34 of 3rd period - Rasmus Sandin is hit by Rasmus Andersson and loses puck.
6:19 of 3rd period - Anthony Cirelli is hit by Noel Acciari and loses puck.
7:13 of 3rd period - Icing by K'Andre Miller.
7:14 of 3rd period - Andrew Copp wins face-off versus Mikael Granlund in Senators zone.
7:19 of 3rd period - Shot by Nikita Kucherov.
7:19 of 3rd period - Stopped by Jordan Binnington without a rebound.
7:20 of 3rd period - Andrew Copp wins face-off versus Sean Monahan in MapleLeafs zone.
7:23 of 3rd period - Shot by Matty Beniers.
7:23 of 3rd period - Deflect By Nikita Kucherov.
7:23 of 3rd period - Stopped by Jordan Binnington without a rebound.
7:24 of 3rd period - Nikita Kucherov wins face-off versus Mikael Granlund in MapleLeafs zone.
7:24 of 3rd period - Matty Beniers is hit by Rasmus Sandin.
7:38 of 3rd period - Shot by Nikita Kucherov.
7:38 of 3rd period - Deflect By Matty Beniers.
7:38 of 3rd period - Shot Misses the Net.
8:17 of 3rd period - Icing by John Marino.
8:18 of 3rd period - Joel Eriksson Ek wins face-off versus Mikael Granlund in MapleLeafs zone.
8:21 of 3rd period - Shot by Anthony Cirelli.
8:21 of 3rd period - Shot Misses the Net.
8:29 of 3rd period - Shot by Scott Laughton.
8:29 of 3rd period - Shot Blocked by John Marino.
8:51 of 3rd period - Shot by Scott Laughton.
8:51 of 3rd period - Stopped by Jordan Binnington without a rebound.
8:52 of 3rd period - Christian Dvorak wins face-off versus Sean Monahan in MapleLeafs zone.
9:27 of 3rd period - Shot by Noah Hanifin.
9:27 of 3rd period - Stopped by Jordan Binnington without a rebound.
9:28 of 3rd period - Joel Eriksson Ek wins face-off versus Kasperi Kapanen in MapleLeafs zone.
9:28 of 3rd period - Joel Eriksson Ek is hit by Nicolas Hague.
9:50 of 3rd period - Shot by Anthony Cirelli.
9:50 of 3rd period - Shot Hit the Post.
9:52 of 3rd period - Shot by Connor Clifton.
9:52 of 3rd period - Shot Misses the Net.
9:54 of 3rd period - Shot by Joel Eriksson Ek.
9:54 of 3rd period - Shot Blocked by Alexander Wennberg.
9:56 of 3rd period - Shot by Anthony Cirelli.
9:56 of 3rd period - Shot Misses the Net.
9:58 of 3rd period - Shot by Anthony Cirelli.
9:58 of 3rd period - Goal by Anthony Cirelli - MapleLeafs : 1 - Senators : 2.
9:59 of 3rd period - Andrew Copp wins face-off versus Mikael Granlund in neutral zone.
10:34 of 3rd period - Shot by Nikita Kucherov.
10:34 of 3rd period - Stopped by Jordan Binnington without a rebound.
10:35 of 3rd period - Alexander Wennberg wins face-off versus Joel Eriksson Ek in MapleLeafs zone.
10:48 of 3rd period - Shot by Scott Laughton.
10:48 of 3rd period - Shot Misses the Net.
11:04 of 3rd period - Shot by Joel Eriksson Ek.
11:04 of 3rd period - Stopped by Jordan Binnington with a rebound.
11:06 of 3rd period - Shot by Joel Eriksson Ek.
11:06 of 3rd period - Shot Blocked by Evgeny Kuznetsov.
11:10 of 3rd period - Shot by Anthony Cirelli.
11:10 of 3rd period - Deflect By Joel Eriksson Ek.
11:10 of 3rd period - Stopped by Jordan Binnington without a rebound.
11:11 of 3rd period - Sean Monahan wins face-off versus Andrew Copp in MapleLeafs zone.
11:30 of 3rd period - Shot by Jonathan Huberdeau.
11:30 of 3rd period - Shot Misses the Net.
11:32 of 3rd period - Shot by Sean Monahan.
11:32 of 3rd period - Goal by Sean Monahan - MapleLeafs : 2 - Senators : 2.
11:33 of 3rd period - Mikael Granlund wins face-off versus Christian Dvorak in neutral zone.
11:35 of 3rd period - Drake Batherson is hit by Noah Hanifin and loses puck.
12:46 of 3rd period - Shot by Matty Beniers.
12:46 of 3rd period - Shot Misses the Net.
12:48 of 3rd period - Shot by Chris Tanev.
12:48 of 3rd period - Shot Blocked by Zach Whitecloud.
12:50 of 3rd period - Shot by Chris Tanev.
12:50 of 3rd period - Stopped by Jordan Binnington without a rebound.
12:51 of 3rd period - Anthony Cirelli wins face-off versus Sean Monahan in MapleLeafs zone.
13:29 of 3rd period - Shot by Sean Monahan.
13:29 of 3rd period - Shot Misses the Net.
13:31 of 3rd period - Shot by Alexander Romanov.
13:31 of 3rd period - Shot Blocked by Connor Clifton.
13:33 of 3rd period - Shot by Alexander Romanov.
13:33 of 3rd period - Stopped by Semyon Varlamov with a rebound.
14:01 of 3rd period - Evgeny Kuznetsov is hit by Connor Clifton and loses puck.
14:04 of 3rd period - Shot by Nicolas Hague.
14:04 of 3rd period - Shot Misses the Net.
14:06 of 3rd period - Shot by Alexander Wennberg.
14:06 of 3rd period - Shot Misses the Net.
14:15 of 3rd period - Kasperi Kapanen is hit by Connor Clifton and loses puck.
14:19 of 3rd period - Minor Penalty to Connor Clifton for Holding.
14:19 of 3rd period - Minor Penalty to Alexander Wennberg for Cross-checking.
14:20 of 3rd period - Sean Monahan wins face-off versus Andrew Copp in Senators zone.
15:55 of 3rd period - Shot by Brock McGinn.
15:55 of 3rd period - Stopped by Jordan Binnington with a rebound.
16:30 of 3rd period - Icing by Noel Acciari.
16:31 of 3rd period - Luke Glendening wins face-off versus Noel Acciari in MapleLeafs zone.
16:35 of 3rd period - Icing by Nicolas Hague.
16:36 of 3rd period - Scott Laughton wins face-off versus Noel Acciari in MapleLeafs zone.
16:41 of 3rd period - Shot by Joel Eriksson Ek.
16:41 of 3rd period - Stopped by Jordan Binnington without a rebound.
16:42 of 3rd period - Noel Acciari wins face-off versus Nikita Kucherov in MapleLeafs zone.
17:20 of 3rd period - Shot by Matty Beniers.
17:20 of 3rd period - Deflect By Nikita Kucherov.
17:20 of 3rd period - Stopped by Jordan Binnington without a rebound.
17:21 of 3rd period - Alexander Wennberg wins face-off versus Christian Dvorak in MapleLeafs zone.
17:52 of 3rd period - Shot by Rasmus Sandin.
17:52 of 3rd period - Stopped by Semyon Varlamov without a rebound.
17:53 of 3rd period - Luke Glendening wins face-off versus Drake Batherson in Senators zone.
18:10 of 3rd period - Shot by Anthony Duclair.
18:10 of 3rd period - Stopped by Semyon Varlamov with a rebound.
18:12 of 3rd period - Shot by Nicolas Hague.
18:12 of 3rd period - Shot Misses the Net.
18:16 of 3rd period - Shot by Drake Batherson.
18:16 of 3rd period - Stopped by Semyon Varlamov without a rebound.
18:17 of 3rd period - Sean Monahan wins face-off versus Andrew Copp in Senators zone.
18:18 of 3rd period - Shot by Jonathan Huberdeau.
18:18 of 3rd period - Stopped by Semyon Varlamov without a rebound.
18:19 of 3rd period - Sean Monahan wins face-off versus Andrew Copp in Senators zone.
18:52 of 3rd period - Shot by Jonathan Huberdeau.
18:52 of 3rd period - Stopped by Semyon Varlamov without a rebound.
18:53 of 3rd period - Alexander Wennberg wins face-off versus Danton Heinen in Senators zone.
18:54 of 3rd period - Shot by Kasperi Kapanen.
18:54 of 3rd period - Stopped by Semyon Varlamov with a rebound.
19:02 of 3rd period - Alexander Wennberg is hit by Eric Staal and loses puck.
19:51 of 3rd period - Shot by Nikita Kucherov.
19:51 of 3rd period - Shot Misses the Net.
19:59 of 3rd period - Shot by Andrew Copp.
19:59 of 3rd period - Shot Misses the Net.
Goals for this period are 1 for MapleLeafs vs 1 for Senators.
Shots for this period are 13 for MapleLeafs vs 13 for Senators.

Overtime #1


0:01 of 1st overtime period - Andrew Copp wins face-off versus Alexander Wennberg in neutral zone.
1:21 of 1st overtime period - Shot by Scott Laughton.
1:21 of 1st overtime period - Shot Blocked by Anthony Duclair.
1:21 of 1st overtime period - Anthony Duclair from MapleLeafs is injured at 1:21 of 1st overtime period (Left Foot).
1:22 of 1st overtime period - Mikael Granlund wins face-off versus Scott Laughton in MapleLeafs zone.
1:39 of 1st overtime period - Shot by Nikita Kucherov.
1:39 of 1st overtime period - Shot Misses the Net.
1:41 of 1st overtime period - Shot by Scott Laughton.
1:41 of 1st overtime period - Shot Misses the Net.
1:43 of 1st overtime period - Shot by Nikita Kucherov.
1:43 of 1st overtime period - Goal by Nikita Kucherov - MapleLeafs : 2 - Senators : 3.
Goals for this period are 0 for MapleLeafs vs 1 for Senators.
Shots for this period are 0 for MapleLeafs vs 1 for Senators.